 Dungeon Crawl Stone Soup version 0.31-a0-236-g9a0961fb85 (webtiles) character file.

Game seed: 3781194379098394259

6 qw the Shooter (level 1, 0/16 HPs)
             Began as a Minotaur Hexslinger on July 10, 2023.
             Slain by a jackal (2 damage)
             ... on level 1 of the Dungeon.
             The game lasted 00:00:02 (131 turns).

qw the Shooter (Minotaur Hexslinger)                 Turns: 131, Time: 00:00:03

Health: 0/16       AC:  2    Str: 12    XL:     1   Next: 75%
Magic:  1/1        EV:  9    Int: 10    God:
Gold:   22         SH:  0    Dex: 12    Spells: 1/2 levels left

rFire   . . .        a - +1 sling
rCold   . . .        (no shield)
rNeg    . . .        c - +0 robe
rPois   .            (helmet restricted)
rElec   .            (no cloak)
rCorr   .            (no gloves)
SInv    .            (no boots)
Will    .....        (no amulet)
Stlth   +            (no ring)
HPRegen 0.22/turn    (no ring)
MPRegen 0.07/turn

%: no passive effects
@: constricted
A: horns 2, retaliatory headbutt
a: no special abilities


You were on level 1 of the Dungeon.
You visited 1 branch of the dungeon, and saw 1 of its levels.

You collected 22 gold pieces.


Innate Abilities, Weirdness & Mutations

You have a pair of horns on your head.
You reflexively headbutt those who attack you in melee.


   Skills:
 - Level 1.2 Fighting
 + Level 2.9 Ranged Weapons
 - Level 2.1 Dodging
 - Level 1.0 Spellcasting
 - Level 2.0 Hexes


You had one spell level left.
You knew the following spells:

 Your Spells              Type           Power      Damage    Failure   Level
a - Slow                  Hex            16%        N/A       16%         1

Your spell library contained the following spells:

 Spells                   Type           Power      Damage    Failure   Level
 Inner Flame              Hex/Fire       2%         N/A       56%         3
 Portal Projectile        Hex/Tloc       4%         N/A       56%         3
 Cause Fear               Hex            2%         N/A       83%         4

Inventory:

Hand Weapons
 a - a +1 sling (weapon)
Armour
 c - a +0 robe (worn)
Scrolls
 b - a scroll of poison

Dungeon Overview and Level Annotations

Branches:
Dungeon (1/15)

Altars:


Message History

You headbutt the jackal. You shoot a sling bullet.
The sling bullet closely misses the jackal.
You hear a shout!
The jackal closely misses you. You furiously retaliate!
You headbutt the jackal!
You kill the jackal!
The jackal bites you.
A ball python comes into view.
The ball python closely misses you. The ball python misses you.
The jackal bites you.
You shoot a sling bullet.
The sling bullet barely misses the jackal.
The jackal bites you but does no damage.
The ball python bites you. The ball python grabs you.
The ball python constricts you.
A dart slug comes into view.
The jackal closely misses you.
You shoot a sling bullet. The sling bullet hits the ball python.
The ball python is severely wounded.
The ball python bites you. The ball python constricts you.
The jackal barely misses you. The ball python barely misses you.
The ball python constricts you.
You shoot a sling bullet. The sling bullet hits the ball python.
You kill the ball python!
The jackal closely misses you.
The jackal bites you but does no damage.
The ball python bites you but does no damage.
The ball python barely misses you.
You shoot a sling bullet.
The sling bullet hits the jackal but does no damage.
The jackal is severely wounded.
You hear an angry hiss.
The jackal bites you. The ball python closely misses you.
The ball python barely misses you. The jackal bites you.
You shoot a sling bullet.
The sling bullet closely misses the jackal.
You hear an angry hiss.
The ball python bites you but does no damage.
The ball python grabs you. The ball python constricts you.
The jackal bites you.
You die...

#.# #.# # #.# ..
##### #.# ...
....# #.# ....
....### #.##.....
......#
#######hSgw.)..
....#.####......@#
.#.........#####.#
###.#.####.#####.#


7777777 #....##.# 7.....77 #.##.##.# .......77#.##.##.# .7.7....7#.......#
..}.....7...#.#### .7.7....7##.#.# You could see a gnoll, a dart slug, a jackal
and a ball python.

Vanquished Creatures
  A dart slug (D:1)
  A ball python (D:1)
  A jackal (D:1)
  A kobold (D:1)
4 creatures vanquished.

Notes
Turn   | Place    | Note
-------+----------+-------------------------------------------
     0 | D:1      | qw the Minotaur Hexslinger began the quest for the Orb.
     0 | D:1      | Reached XP level 1. HP: 16/16 MP: 1/1
     0 | D:1      | 0 ||| qw: Version: 0.3-a-52-g30416fa
     0 | D:1      | 0 ||| qw: Game counter: 4885
     0 | D:1      | 0 ||| qw: Melee chars always use a shield: true
     0 | D:1      | 0 ||| qw: God list: Okawaru
     0 | D:1      | 0 ||| qw: Allow faded altars: false
     0 | D:1      | 0 ||| qw: Do Orc after clearing Dungeon:15 true
     0 | D:1      | 0 ||| qw: Do second Lair branch before Depths: true
     0 | D:1      | 0 ||| qw: Lair rune preference: random
     0 | D:1      | 0 ||| qw: Goals: Normal
     0 | D:1      | 0 ||| PLANNING D:1-11
   128 | D:1      | HP: 4/16 [constriction (1)]
   131 | D:1      | Slain by a jackal

Levels and vault maps discovered:
D:1:      amcnicky_arrival_underground_garden, layout_loops_cross

Action                     || total
---------------------------++-------
   Fire: Sling             ||    18
 Armour: Robe              ||     7
  Dodge: Dodged            ||    14

Table legend:
 A = Non-vault XP
 B = Vault XP
 C = Vault XP percentage of total XP
 D = Non-vault monster count
 E = Vault monster count
 F = Vault count percentage of total count
                 A         B        C        D         E       F
            +---------+---------+-------+---------+---------+-------
      Total |       9 |       0 |   0.0 |       4 |       0 |   0.0
            +---------+---------+-------+---------+---------+-------
        D:1 |       9 |       0 |   0.0 |       4 |       0 |   0.0
            +---------+---------+-------+---------+---------+-------
